Map: Jagannatha LE

Players

maru

  • Race: Terran Terran

Reynor - Winner!

  • Race: Zerg Zerg

Event: DreamHack SC2 Masters 2021 Summer

VOD

Have the link to the VOD?

Description

Time

  • Played on: July 4, 2021, 11:47 a.m.
  • Length: 15:45

All games in this series

Show
View Real Time Build Order
Export as new Build Order

maru Terran 

Build Orders: Reaper Expand, Hellion Banshee 

Get SALT Encoding   

  12  0:00  SCV  
  13  0:12  SCV  
  14  0:17  Supply Depot  
  14  0:24  SCV  
  15  0:38  SCV  
  15  0:39  Barracks  
  16  0:43  Refinery  
  16  0:50  SCV  
  17  1:02  SCV  
  18  1:15  SCV  
  19  1:26  Reaper  
  19  1:27  Orbital Command  
  20  1:39  Command Center  
  20  1:50  Supply Depot  
  20  1:52  SCV  
  21  1:58  Marine  
  22  2:04  SCV  
  23  2:08  Factory  
  23  2:16  SCV, Marine  
  25  2:24  Refinery  
  25  2:29  SCV  
  26  2:36  Barracks Reactor  
  26  2:41  SCV  
  26  2:53  SCV  
  26  2:56  Orbital Command  
  26  2:57  Starport  
  26  3:09  SCV  
  27  3:16  Hellion  
  27  3:17  Hellion  
  31  3:20  Barracks Tech Lab  
  31  3:21  SCV  
  31  3:24  SCV  
  33  3:33  SCV  
  34  3:36  SCV  
  35  3:41  Supply Depot  
  35  3:45  SCV  
  35  3:46  Hellion x2, Cloaking Field  
  35  3:47  Banshee  
  43  3:49  SCV  
  44  3:57  SCV  
  44  4:01  SCV  
  50  4:10  SCV, Supply Depot  
  50  4:15  Command Center  
  50  4:16  SCV  
  48  4:22  SCV, Supply Depot  
  49  4:25  Barracks Tech Lab  
  49  4:28  SCV  
  49  4:30  Banshee  
  53  4:35  SCV  
  53  4:37  Hellion x2  
  58  4:41  SCV  
  59  4:47  SCV  
  59  4:52  Marine, Stimpack  
  61  4:53  Refinery, SCV  
  61  4:59  SCV  
  63  5:05  SCV  
  64  5:10  Barracks, Engineering Bay  
  64  5:11  SCV, Barracks, Engineering Bay  
  65  5:17  SCV  
  65  5:19  Factory Reactor  
  66  5:23  SCV  
  66  5:24  Starport Reactor  
  66  5:27  Marine  
  68  5:29  Orbital Command, SCV  
  68  5:35  SCV  
  70  5:36  Barracks  
  70  5:38  Terran Infantry Weapons Level 1  
  70  5:39  Terran Infantry Armor Level 1  
  70  5:40  Barracks  
  70  5:44  SCV  
  70  5:45  Marine  
  72  5:57  Marine x2  
  72  6:00  SCV x2  
  72  6:02  Medivac  
  72  6:03  Marine, Medivac  
  81  6:10  Supply Depot  
  81  6:14  Supply Depot  
  81  6:15  Marine x2  
  81  6:16  Refinery, Orbital Command, Marine, Siege Tank  
  85  6:24  Supply Depot  
  85  6:28  Barracks Reactor x2  
  85  6:31  Marine x2  
  85  6:32  SCV  
  88  6:34  SCV, Supply Depot  
  88  6:38  Supply Depot  
  88  6:39  Medivac x2  
  93  6:40  Marine x2  
  93  6:42  SCV  
  93  6:44  SCV  
  93  6:46  SCV, Marine  
  96  6:48  Combat Shield  
  96  6:51  Marine x2  
  98  6:54  SCV  
  98  6:58  SCV x2, Marine  
  98  6:59  Siege Tank  
  105  7:06  Marine x5  
  105  7:07  Marine  
  111  7:13  Armory  
  111  7:18  Marine x2, Supply Depot  
  111  7:20  SCV, Supply Depot  
  113  7:23  Marine x2  
  113  7:26  Medivac  
  113  7:28  SCV x2  
  114  7:32  SCV  
  114  7:35  Marine x2  
  114  7:36  Marine x2  
  119  7:37  Marine  
  119  7:38  Marine  
  119  7:40  Missile Turret x2  
  119  7:44  Missile Turret  
  121  7:45  Marine x2  
  123  7:52  Marine, Siege Tank  
  123  7:53  Marine  
  123  7:54  SCV x2  
  130  7:59  Marine x5  
  130  8:03  Marine x2  
  135  8:10  Marine  
  135  8:11  Marine  
  135  8:12  Medivac x2  
  138  8:16  Factory, Supply Depot  
  138  8:17  Marine x3  
  138  8:23  Marine x3  
  138  8:25  Marine  
  130  8:28  Marine x2  
  130  8:29  SCV  
  130  8:30  SCV  
  131  8:35  Marine x2  
  131  8:36  Terran Infantry Armor Level 2  
  131  8:40  SCV, Marine  
  130  8:42  SCV  
  130  8:46  SCV  
  131  8:52  SCV  
  131  8:54  SCV  
  133  8:58  Drilling Claws, SCV  
  133  9:00  Marine x3  
  133  9:01  Marine x5  
  139  9:02  Factory Reactor  
  139  9:04  Supply Depot  
  139  9:05  Marine  
  140  9:11  Refinery  
  140  9:18  Marine x2  
  140  9:21  Marine x3  
  140  9:23  Command Center  
  145  9:25  Terran Vehicle And Ship Armor Level 1  
  145  9:27  Supply Depot  
  145  9:29  Supply Depot x2  
  145  9:30  Sensor Tower  
  145  9:32  Marauder, Marine x3  
  145  9:36  Marine  
  151  9:38  Thor  
  151  9:41  SCV x2  
  148  9:50  Widow Mine x2  
  148  9:52  SCV  
  150  9:56  SCV  
  150  9:59  Marine x2  
  152  10:00  Barracks x2, Marine  
  152  10:01  Barracks  
  152  10:04  SCV x2  
  156  10:08  Medivac x2  
  156  10:09  Marine x4  
  156  10:14  Widow Mine x2  
  168  10:18  Terran Infantry Weapons Level 2  
  168  10:22  Thor  
  168  10:25  Orbital Command  
  173  10:34  Marauder, Marine  
  176  10:39  Marine  
  176  10:42  Widow Mine x2, SCV x2  
  129  10:54  SCV x2  
  129  10:56  SCV, Marauder  
  130  10:59  Barracks Tech Lab x3  
  130  11:03  Widow Mine x2  
  134  11:05  Widow Mine  
  134  11:06  SCV  
  134  11:07  SCV  
  134  11:08  SCV  
  139  11:16  Planetary Fortress, Missile Turret  
  139  11:18  SCV  
  139  11:19  SCV  
  139  11:20  SCV  
  139  11:24  Terran Infantry Armor Level 3  
  139  11:25  Widow Mine  
  144  11:26  Thor  
  144  11:27  Marauder  
  144  11:31  SCV  
  153  11:34  Supply Depot  
  153  11:36  SCV x2  
  155  11:43  Widow Mine, SCV  
  155  11:44  Marauder x2, Marine  
  163  11:48  SCV  
  164  11:56  SCV  
  164  11:58  Refinery  
  154  12:05  Marauder x2, Marine x3  
  154  12:06  Marauder  
  155  12:11  SCV  
  155  12:15  Widow Mine  
  155  12:16  Widow Mine  
  155  12:20  Marauder, Marine x2  
  155  12:22  Missile Turret  
  155  12:23  SCV  
  155  12:27  Marauder x2  
  154  12:31  Marine  
  154  12:32  Marauder, Marine  
  154  12:34  SCV x3  
  154  12:35  SCV  
  158  12:37  Terran Infantry Weapons Level 3  
  158  12:42  Marauder  
  160  12:46  SCV  
  160  12:50  Marauder x2, Marine x2  
  167  12:54  SCV  
  167  12:58  Marauder  
  170  13:03  Marauder, Liberator x2  
  178  13:10  Missile Turret x3  
  178  13:12  Marauder, Supply Depot  
  180  13:16  Marauder, Marine x2  
  180  13:19  Marauder, Marine x2  
  175  13:24  Marauder  
  170  13:29  SCV x2  
  168  13:34  Widow Mine  
  168  13:37  SCV x2  
  168  13:41  SCV, Marine  
  168  13:42  Marauder x2, Marine  
  168  13:46  Medivac  
  174  13:53  SCV  
  173  14:00  SCV  
  173  14:01  Supply Depot  
  174  14:04  SCV, Marine  
  174  14:05  Marine  
  174  14:06  Marauder x2  
  174  14:07  Missile Turret x2  
  174  14:08  SCV  
  174  14:09  SCV, Missile Turret  
  183  14:14  Orbital Command  
  183  14:16  Liberator  
  186  14:22  Liberator  
  142  14:39  Marauder x3, Marine x5  
  142  14:40  Marauder, Marine x3  
  142  14:42  Widow Mine  
  151  14:57  Marine x4  
  149  15:04  Marauder  
  149  15:05  Marauder x2  
  151  15:26  SCV  
Show
View Real Time Build Order
Export as new Build Order

Reynor Zerg - Winner!

Build Orders: Pool First, Muta Ling Bane 

Get SALT Encoding   

  12  0:00  Drone  
  13  0:12  Overlord  
  13  0:17  Drone  
  14  0:30  Drone x2  
  16  0:41  Spawning Pool  
  15  0:44  Drone  
  15  0:48  Drone  
  17  1:09  Hatchery  
  16  1:11  Drone  
  17  1:28  Zergling x6  
  17  1:30  Queen  
  22  1:39  Overlord  
  22  1:44  Extractor  
  21  1:50  Drone  
  22  2:01  Drone  
  22  2:06  Queen  
  25  2:11  Drone  
  26  2:21  Drone  
  26  2:23  Queen  
  26  2:25  Drone  
  29  2:33  Overlord  
  29  2:34  Drone  
  30  2:39  Drone x3  
  32  2:45  Drone  
  32  2:47  Drone  
  34  2:53  Drone, Metabolic Boost  
  34  2:58  Drone  
  35  3:10  Hatchery  
  35  3:12  Drone  
  35  3:15  Drone  
  35  3:16  Drone  
  37  3:20  Drone  
  37  3:26  Overlord x2  
  38  3:28  Drone  
  38  3:33  Queen  
  41  3:36  Zergling x2  
  41  3:37  Drone  
  41  3:39  Zergling x2  
  44  3:45  Drone x2  
  44  3:47  Drone x2  
  48  3:51  Queen  
  50  3:57  Zergling x4  
  50  4:02  Baneling Nest  
  51  4:04  Overlord  
  51  4:06  Zergling x2  
  52  4:14  Overlord  
  52  4:21  Queen, Overlord  
  52  4:22  Drone x4  
  58  4:28  Lair  
  58  4:29  Spore Crawler  
  56  4:32  Extractor, Drone  
  56  4:34  Spore Crawler  
  55  4:41  Drone x2, Spore Crawler  
  55  4:42  Drone  
  57  4:48  Queen  
  57  4:49  Drone  
  57  4:52  Drone x2  
  62  4:57  Zergling x2  
  62  4:58  Zergling x4  
  62  4:59  Drone  
  66  5:00  Drone  
  66  5:02  Drone  
  66  5:04  Drone  
  69  5:07  Overlord  
  69  5:09  Drone  
  69  5:12  Drone x2  
  72  5:14  Overlord  
  72  5:17  Baneling x2  
  72  5:18  Drone  
  72  5:19  Drone  
  72  5:20  Drone  
  75  5:24  Drone x3  
  78  5:30  Overlord  
  78  5:31  Overseer  
  78  5:39  Extractor, Drone x4  
  78  5:40  Spire  
  78  5:41  Drone x2  
  82  5:43  Drone  
  82  5:45  Drone x2  
  82  5:46  Drone  
  84  5:50  Queen  
  84  5:58  Drone x3  
  84  5:59  Drone  
  88  6:04  Spore Crawler  
  88  6:09  Drone x2, Extractor  
  88  6:10  Drone x2, Extractor  
  90  6:11  Overlord  
  90  6:20  Queen  
  90  6:23  Hatchery, Centrifical Hooks  
  90  6:25  Extractor  
  86  6:29  Queen  
  88  6:35  Evolution Chamber  
  88  6:36  Evolution Chamber  
  88  6:39  Zergling x24  
  98  6:50  Overlord  
  98  6:57  Mutalisk x4  
  98  6:59  Mutalisk  
  108  7:04  Drone x6  
  113  7:09  Baneling x7  
  113  7:10  Zergling x2  
  114  7:16  Zergling x4  
  114  7:19  Mutalisk  
  116  7:27  Zergling x4  
  116  7:29  Zergling x4  
  117  7:30  Zergling x2  
  117  7:31  Baneling  
  117  7:32  Baneling x7  
  117  7:33  Zergling x2  
  117  7:35  Zergling x2  
  119  7:38  Zerg Ground Armor Level 1  
  119  7:42  Overlord  
  119  7:45  Overlord  
  119  7:46  Zerg Melee Weapons Level 1  
  119  7:51  Overlord  
  119  8:00  Mutalisk x2  
  119  8:02  Drone  
  119  8:03  Drone x3, Zergling x4  
  119  8:04  Zergling x4  
  119  8:05  Hatchery  
  130  8:08  Mutalisk x2  
  130  8:10  Zergling x8  
  136  8:17  Zergling x12  
  136  8:18  Zergling x2  
  142  8:20  Zergling x2  
  142  8:22  Zergling x2  
  142  8:23  Zergling x2  
  142  8:26  Baneling x8  
  143  8:27  Zergling x2  
  143  8:30  Overlord  
  143  8:32  Zergling x4  
  143  8:40  Overlord  
  142  8:41  Drone  
  142  8:44  Overlord  
  142  8:46  Drone  
  141  8:49  Drone x7  
  141  8:50  Drone  
  141  8:53  Spore Crawler  
  145  8:55  Zergling x6  
  145  8:57  Mutalisk  
  145  9:02  Mutalisk x3  
  154  9:06  Zerg Flyer Weapons Level 1  
  154  9:09  Mutalisk  
  154  9:10  Extractor, Overlord  
  154  9:11  Hatchery, Extractor  
  154  9:12  Baneling x2  
  154  9:14  Baneling x7  
  154  9:15  Drone x2  
  154  9:16  Drone x3  
  158  9:23  Overseer  
  159  9:24  Drone  
  159  9:27  Mutalisk  
  159  9:29  Drone  
  159  9:30  Drone x7  
  169  9:31  Zergling x4  
  169  9:33  Overlord  
  169  9:37  Zergling x2  
  172  9:43  Baneling x13  
  171  9:46  Zergling x10  
  171  9:47  Zergling x4  
  171  9:48  Overlord  
  178  9:58  Zerg Ground Armor Level 2  
  178  10:00  Drone x5  
  178  10:02  Burrow  
  178  10:03  Hatchery, Spine Crawler, Zergling x20, Spore Crawler  
  190  10:09  Baneling x6  
  190  10:12  Pneumatized Carapace  
  190  10:13  Overlord  
  190  10:16  Extractor, Zergling x2  
  190  10:17  Zergling x6  
  193  10:21  Zerg Melee Weapons Level 2  
  193  10:23  Zergling x8  
  193  10:24  Overlord  
  193  10:28  Queen  
  197  10:30  Spine Crawler, Zergling x4, Spore Crawler  
  197  10:31  Zergling x2  
  197  10:33  Overlord  
  191  10:39  Zergling x14  
  167  10:43  Mutalisk  
  167  10:46  Mutalisk x2  
  169  10:52  Mutalisk x4  
  175  10:57  Zergling x18  
  175  11:02  Infestation Pit  
  175  11:03  Zergling x2  
  175  11:04  Zergling x2  
  185  11:05  Baneling x7  
  185  11:06  Baneling  
  185  11:09  Drone x2  
  185  11:10  Zergling x2  
  188  11:15  Zergling x8  
  188  11:16  Zergling x6  
  195  11:20  Zergling x2  
  195  11:22  Baneling  
  195  11:23  Baneling x15  
  195  11:24  Zergling x8  
  200  11:32  Extractor  
  199  11:39  Zergling x2  
  199  11:40  Zergling x10  
  199  11:44  Overseer x2  
  199  11:45  Hive  
  194  11:55  Zergling x14  
  188  12:03  Zergling x12  
  188  12:04  Zergling x30  
  192  12:09  Mutalisk  
  192  12:14  Zerg Flyer Weapons Level 2  
  186  12:16  Mutalisk x2  
  186  12:17  Mutalisk x4  
  186  12:20  Zergling x4  
  199  12:28  Zergling x8  
  190  12:34  Zergling x2  
  190  12:35  Zergling x20  
  194  12:39  Baneling x13  
  194  12:40  Baneling x3  
  194  12:41  Zergling x6  
  197  12:47  Baneling x2  
  197  12:50  Baneling x11  
  197  12:53  Zergling x10  
  197  12:57  Hatchery  
  197  12:58  Zerg Melee Weapons Level 3, Zerg Ground Armor Level 3  
  199  13:06  Drone  
  199  13:07  Drone, Ultralisk Cavern  
  188  13:22  Zergling x26  
  188  13:23  Zergling x14  
  198  13:27  Zergling x2  
  192  13:43  Baneling x2, Zergling x16  
  192  13:44  Baneling x3  
  192  13:47  Baneling x9  
  192  13:48  Baneling x9  
  190  13:57  Zergling x20  
  190  13:58  Chitinous Plating  
  197  14:06  Zergling x4  
  197  14:07  Adrenal Glands  
  180  14:37  Ultralisk x6  
  180  14:38  Zergling x24  
  199  14:41  Zergling x2  
  198  15:00  Zergling x4  
  195  15:09  Baneling x16  
  195  15:10  Zergling x2  
  195  15:11  Zergling x10  
  195  15:13  Overseer x2  
  197  15:16  Baneling x8  
Tags
 
Add a new tag
Caveats
  • Supply blocks, unpowered buildings, or Contaminate may cause inaccurate times.
  • Supply counts are checked every 10 seconds.